Map: King Sejong Station LE

Players

blackxored - Winner!

  • Race: Zerg Zerg
  • League: Diamond

Mojo

  • Race: Terran Terran
  • League: Platinum

VOD

Have the link to the VOD?

Description

Time

  • Played on: July 3, 2016, 8:52 a.m.
  • Length: 5:58
Show
View Real Time Build Order
Export as new Build Order

blackxored Zerg - Winner!

Build Orders: Hatch First 

Get SALT Encoding   

  12  0:01  Drone  
  13  0:08  Drone  
  14  0:16  Overlord  
  14  0:22  Extractor  
  14  0:23  Drone  
  15  0:36  Drone x2  
  17  0:52  Hatchery  
  17  0:55  Drone  
  17  1:02  Drone  
  18  1:09  Extractor  
  17  1:17  Spawning Pool  
  17  1:18  Drone  
  17  1:20  Drone  
  18  1:27  Drone  
  19  1:38  Overlord  
  19  1:49  Drone  
  20  2:03  Zergling x2  
  20  2:05  Queen x2  
  20  2:06  Zergling x2  
  25  2:18  Zergling x4, Spine Crawler  
  26  2:25  Zergling x2  
  26  2:27  Baneling Nest  
  25  2:35  Zergling x4  
  25  2:44  Overlord  
  25  2:47  Zergling x2  
  26  2:59  Zergling x6  
  27  3:25  Zergling x2, Baneling x7  
  27  3:26  Zergling x6  
  27  3:28  Zergling x2  
  28  3:50  Zergling x2  
  28  3:53  Overlord  
  28  3:55  Metabolic Boost  
  25  4:11  Zergling x4  
  26  4:25  Zergling x2  
  27  4:35  Drone  
  27  4:37  Hatchery  
  27  4:48  Zergling x2  
  28  4:58  Zergling x2  
  29  5:06  Baneling x4  
  29  5:10  Zergling x8  
  33  5:19  Zergling x2  
  34  5:22  Baneling  
  34  5:23  Baneling x2  
  32  5:40  Zergling x8  
Show
View Real Time Build Order
Export as new Build Order

Mojo Terran 

Build Orders:  

Get SALT Encoding   

  12  0:08  SCV  
  13  0:20  SCV  
  14  0:21  Supply Depot  
  14  0:32  SCV  
  15  0:44  SCV  
  16  0:55  Barracks  
  16  1:05  Barracks  
  16  1:12  Barracks  
  16  1:21  SCV  
  17  1:30  Supply Depot  
  17  1:33  SCV  
  18  1:42  Marine  
  18  1:45  SCV  
  20  1:55  Bunker  
  20  1:56  Marine  
  20  2:00  Marine  
  22  2:03  Marine  
  23  2:14  Marine  
  24  2:16  Bunker  
  24  2:18  Marine  
  24  2:20  Marine  
  26  2:32  Marine  
  27  2:39  Marine x2  
  29  2:49  Marine  
  30  2:57  Marine  
  31  3:12  Command Center  
  31  3:18  Marine  
  31  3:22  Marine  
  31  3:47  Refinery  
  31  3:48  Command Center  
  31  3:50  Marine  
  31  3:51  Marine  
  21  4:20  Barracks  
  21  4:21  Barracks  
  21  4:22  Barracks  
  19  4:31  Orbital Command  
  19  4:57  Barracks  
  19  5:00  Barracks  
  19  5:09  Marine x3  
  22  5:26  Marine  
  23  5:30  Marine  
Tags
 
Add a new tag
Caveats
  • Supply blocks, unpowered buildings, or Contaminate may cause inaccurate times.
  • Supply counts are checked every 10 seconds.